 Dungeon Crawl Stone Soup version 0.31-a0-261-g072fdb8a1f (webtiles) character file.

Game seed: 12584272175680789350

38 qw the Shooter (level 3, -6/21 HPs)
             Began as a Gargoyle Hexslinger on July 13, 2023.
             Mangled by Natasha (7 damage)
             ... on level 1 of the Dungeon.
             The game lasted 00:00:22 (723 turns).

qw the Shooter (Gargoyle Hexslinger)                 Turns: 723, Time: 00:00:23

Health: -6/21      AC:  7    Str: 11    XL:     3   Next: 43%
Magic:  4/4        EV: 11    Int: 13    God:
Gold:   33         SH:  0    Dex: 14    Spells: 3/4 levels left

rFire   . . .        Y - +1 sling
rCold   . . .        (no shield)
rNeg    + . .        f - +0 leather armour
rPois   inf          (no helmet)
rElec   +            (no cloak)
rCorr   .            j - +0 pair of gloves
SInv    .            (no boots)
Will    .....        (no amulet)
Stlth   +            (no ring)
HPRegen 0.23/turn    (no ring)
MPRegen 0.09/turn

%: no passive effects
@: mighty
A: sickness immunity, AC +3, negative energy resistance 1, electricity
resistance, torment resistance 1, petrification resistance
a: no special abilities


You were on level 1 of the Dungeon.
You visited 1 branch of the dungeon, and saw 2 of its levels.

You collected 33 gold pieces.


Innate Abilities, Weirdness & Mutations

You are immune to sickness and miasma.
Your stone body is resilient. (AC +3)
You are immune to poison.
You resist negative energy. (rN+)
You are resistant to electric shocks. (rElec)
You are resistant to unholy torment.
You are immune to petrification.


   Skills:
 - Level 2.0 Fighting
 + Level 3.4 Ranged Weapons
 - Level 1.5 Dodging
 - Level 1.0 Spellcasting
 - Level 2.6 Hexes


You had 3 spell levels left.
You knew the following spells:

 Your Spells              Type           Power      Damage    Failure   Level
a - Slow                  Hex            28%        N/A       12%         1

Your spell library contained the following spells:

 Spells                   Type           Power      Damage    Failure   Level
 Inner Flame              Hex/Fire       4%         N/A       54%         3
 Portal Projectile        Hex/Tloc       8%         N/A       54%         3
 Cause Fear               Hex            3%         N/A       77%         4

Inventory:

Hand Weapons
 Y - a +1 sling (weapon)
Armour
 f - a +0 leather armour (worn)
 j - a +0 pair of gloves (worn)
Scrolls
 a - a scroll of identify
Potions
 h - a potion of curing
 i - a potion of might

Dungeon Overview and Level Annotations

Branches:
Dungeon (2/15)

Altars:

Annotations:
D:1 1 transporter, Natasha


Message History

The sling bullet barely misses the adder.
Natasha claws you but does no damage. The adder bites you but does no damage.
The jackal misses you. Natasha closely misses you. The adder barely misses you.
The jackal closely misses you.
You shoot a sling bullet. The sling bullet hits the adder.
The adder is heavily wounded.
The jackal misses you. The adder bites you but does no damage.
Natasha casts a spell.
The jackal barely misses you.
You shoot a sling bullet.
The sling bullet hits the adder but does no damage.
The adder is heavily wounded.
The adder bites you. Natasha claws you.
The jackal bites you but does no damage.
The adder bites you but does no damage.
The cerulean imp hits you with a +0 spear.
You shoot a sling bullet. The sling bullet misses the adder.
The jackal bites you but does no damage.
Natasha mumbles some strange words.
The adder bites you.
The jackal bites you but does no damage.
The cerulean imp hits you but does no damage.
Natasha closely misses you. The adder bites you but does no damage.
You shoot a sling bullet. The sling bullet misses the adder.
The jackal bites you but does no damage.
The adder bites you but does no damage. The cerulean imp barely misses you.
Natasha claws you but does no damage.
The jackal bites you but does no damage.
The cerulean imp closely misses you.
You shoot a sling bullet. The sling bullet hits the adder.
The adder is heavily wounded.
The adder misses you. The jackal closely misses you.
The cerulean imp misses you. Natasha claws you. The adder misses you.
The cerulean imp hits you but does no damage.
The jackal bites you but does no damage.
The cerulean imp hits you with a +0 spear.
You shoot a sling bullet.
The sling bullet barely misses the adder.
The jackal closely misses you. The adder bites you. Natasha claws you!
You die...

#.%.#.....#
#.P.P........#
#.#.#.###.#
##............
#.#...#
#.####.###########
#.##### #.##...# #
##'## #.##.###
#...# #....# #...#
#.5###
#...######.h#######
#.........@h......#
#....#####S5......#
####### #..).#
#######..###......
###### #...##......
#...........
###.###'####
###..##.# #.......#
#.###'###


You could see Natasha, 2 cerulean imps, an adder and a jackal.

Vanquished Creatures
  A dart slug (D:1)
  3 bats
  An endoplasm (D:1)
  2 giant cockroaches (D:1)
  A goblin (D:1)
  4 hobgoblins
  9 jackals
  3 kobolds (D:1)
  2 ball pythons
  A frilled lizard (D:1)
  4 rats (D:1)
31 creatures vanquished.

Notes
Turn   | Place    | Note
-------+----------+-------------------------------------------
     0 | D:1      | qw the Gargoyle Hexslinger began the quest for the Orb.
     0 | D:1      | Reached XP level 1. HP: 12/12 MP: 2/2
     0 | D:1      | 0 ||| qw: Version: 0.3-a-52-g30416fa
     0 | D:1      | 0 ||| qw: Game counter: 7018
     0 | D:1      | 0 ||| qw: Melee chars always use a shield: true
     0 | D:1      | 0 ||| qw: God list: Okawaru
     0 | D:1      | 0 ||| qw: Allow faded altars: false
     0 | D:1      | 0 ||| qw: Do Orc after clearing Dungeon:15 true
     0 | D:1      | 0 ||| qw: Do second Lair branch before Depths: true
     0 | D:1      | 0 ||| qw: Lair rune preference: random
     0 | D:1      | 0 ||| qw: Goals: Normal
     0 | D:1      | 0 ||| PLANNING D:1-11
   115 | D:1      | Reached XP level 2. HP: 16/16 MP: 3/3
   160 | D:1      | Reached skill level 3 in Ranged Weapons
   161 | D:1      | Found a faded altar of an unknown god.
   343 | D:1      | Reached XP level 3. HP: 21/21 MP: 4/4
   654 | D:1      | 654 ||| UPGRADING to +0 leather armour.
   664 | D:1      | 664 ||| DROPPING +0 robe.
   665 | D:1      | 665 ||| UPGRADING to +0 pair of gloves.
   670 | D:1      | 670 ||| READING 3 scrolls labelled QIPICWAROI.
   671 | D:1      | 671 ||| READING scroll labelled HIAMPA OLIADGH.
   676 | D:1      | 676 ||| READING scroll labelled BOHIUHOUSO.
   677 | D:1      | 677 ||| READING scroll labelled CEHAGU XEALEGI.
   678 | D:1      | 678 ||| READING scroll labelled FUHUUK REKUEMA.
   679 | D:1      | 679 ||| DRINKING 2 orange potions.
   680 | D:1      | 680 ||| READING 2 scrolls of identify.
   680 | D:1      | 680 ||| IDENTIFYING sedimented coppery potion
   681 | D:1      | 681 ||| DROPPING scroll of poison.
   707 | D:2      | Noticed Natasha
   715 | D:2      | 715 ||| STAIRDANCE
   722 | D:1      | HP: 2/21 [cerulean imp/+0 spear[Natasha] (5)]
   723 | D:1      | Mangled by Natasha

Levels and vault maps discovered:
D:1:      spicycebolla_arrival_risky_transporter, layout_basic,
          dreamdust_ecumenical_altar_grove, grunt_decor_mini_mirrors,
          minmay_misc_feat_rows
D:2:      layout_rooms, uniq_natasha, uniq_crazy_yiuf_cottage

Skill      XL: |  1  2 |
---------------+-------+-----
Ranged Weapons | 3 |  3.4
Fighting       | 2 |  2.0
Dodging        | |  1.5
Spellcasting   | |  1.0
Hexes          | |  2.6

Action                     || total
---------------------------++-------
   Fire: Sling             ||    89
    Use: Scroll            ||     6
         Potion            ||     1
 Armour: Robe              ||     8
         Leather armour    ||    32
  Dodge: Dodged            ||    59

Table legend:
 A = Non-vault XP
 B = Vault XP
 C = Vault XP percentage of total XP
 D = Non-vault monster count
 E = Vault monster count
 F = Vault count percentage of total count
                 A         B        C        D         E       F
            +---------+---------+-------+---------+---------+-------
      Total |      55 |       0 |   0.0 |      31 |       0 |   0.0
            +---------+---------+-------+---------+---------+-------
        D:1 |      48 |       0 |   0.0 |      27 |       0 |   0.0
        D:2 |       7 |       0 |   0.0 |       4 |       0 |   0.0
            +---------+---------+-------+---------+---------+-------
